AoeStats
← Dremora

Black Forest

510286115Analyzed
4v4 RM · 2d ago on Sep 30, 2026· 56m 40s· 8 players
Game mode
Random Map
Map size
Large (8 player)
Population
200
Speed
Normal
Resources
Standard
Victory
Conquest
Starting age
Dark Age
Ending age
Imperial Age
RankedLock teamsTeams togetherTeam positionsShared explorationLock speedFull tech treeHidden civsTurbo modeCheats
Victory
Defeat
🇨🇱 Cumans · Chile
813
+11
🇩🇪 Spanish · Germany
778
+12
🇮🇳 Maya · India
742
+13
🇦🇺 Khmer · Australia
723
+14
🇸🇪 Aztecs · Sweden
717
-13
🇲🇽 Mongols · Mexico
691
-13
🇨🇳 Burgundians · China
671
-12
🇪🇸 Bohemians · Spain
665
-12
修临天下
0:50 Loom
10:54 Double-Bit Axe
13:10 Feudal Age
13:13 Horse Collar
15:17 Bow Saw
16:34 Stone Mining
16:54 Heavy Plow
17:48 Gold Mining
19:46 Padded Archer Armor
19:37 Fletching
20:33 Gold Shaft Mining
20:07 Stone Mining
21:47 Stone Shaft Mining
23:40 Castle Age
22:23 Scale Barding Armor
24:07 Forging
25:01 Crop Rotation
25:34 Two-Man Saw
26:06 Husbandry
27:07 Wheelbarrow
27:09 Bodkin Arrow
27:30 Leather Archer Armor
28:38 Hand Cart
32:00 Imperial Age
30:20 Burgundian Vineyards
31:10 Ballistics
31:15 Chain Barding Armor
31:30 Iron Casting
30:52 Elite Skirmisher
33:46 Chemistry
32:53 Bracer
35:29 Plate Barding Armor
35:55 Blast Furnace
35:25 Town Watch
39:22 Scale Mail Armor
39:26 Elite Coustillier
42:56 Caravan
42:47 Pikeman
43:28 Squires
43:14 Arson
43:19 Arrowslits
43:30 Murder Holes
44:33 Chain Mail Armor
TWT
2:02 Loom
10:44 Feudal Age
12:27 Wheelbarrow
16:04 Castle Age
14:04 Double-Bit Axe
14:13 Horse Collar
15:04 Gold Mining
16:08 Stone Mining
17:40 Bow Saw
17:37 Heavy Plow
22:04 Stone Shaft Mining
23:54 Hand Cart
25:46 Padded Archer Armor
25:37 Fletching
25:47 Scale Mail Armor
25:53 Scale Barding Armor
26:17 Caravan
32:25 Imperial Age
31:08 Leather Archer Armor
30:48 Bodkin Arrow
31:04 Forging
31:09 Chain Mail Armor
31:12 Masonry
31:58 Ballistics
31:46 Husbandry
32:05 Bloodlines
31:52 Light Cavalry
33:04 Nomads
33:31 Conscription
33:15 Capped Ram
35:29 Chemistry
34:52 Chain Mail Armor
35:16 Drill
37:07 Hussar
38:48 Iron Casting
39:09 Fortified Wall
38:55 Murder Holes
44:33 Elite Mangudai
47:06 Onager
48:22 Chain Barding Armor
49:58 Siege Onager
51:42 Cavalier
Gori11a
7:12 Loom
12:04 Feudal Age
13:16 Double-Bit Axe
18:45 Castle Age
17:16 Forging
18:11 Scale Mail Armor
19:48 Bow Saw
24:26 Iron Casting
25:08 Eagle Warrior
26:33 Stone Mining
27:29 Chain Mail Armor
28:06 Gold Mining
31:36 Fletching
33:49 Bodkin Arrow
33:50 Arson
36:12 Horse Collar
37:16 Squires
40:57 Imperial Age
40:34 Pikeman
43:05 Wheelbarrow
42:16 Town Watch
43:37 Blast Furnace
43:10 Plate Mail Armor
46:39 Garland Wars
46:40 Conscription
Zeus89
14:58 Feudal Age
16:36 Man-at-Arms
17:11 Horse Collar
19:35 Arson
28:01 Double-Bit Axe
33:43 Castle Age
34:08 Pikeman
34:49 Squires
34:46 Long Swordsman
36:39 Bow Saw
37:48 Caravan
41:43 Scale Mail Armor
41:43 Padded Archer Armor
41:34 Fletching
41:54 Forging
41:34 Elite Skirmisher
42:30 Wagenburg Tactics
43:49 Chain Mail Armor
43:50 Leather Archer Armor
43:31 Bodkin Arrow
45:20 Chemistry
44:42 Ballistics
46:20 Loom
47:09 Fortified Wall
48:48 Wheelbarrow
51:58 Imperial Age
Dremora
5:37 Loom
11:21 Feudal Age
11:53 Double-Bit Axe
14:51 Fletching
20:43 Wheelbarrow
20:14 Padded Archer Armor
28:00 Horse Collar
30:49 Gold Mining
35:16 Castle Age
36:23 Hand Cart
35:53 Town Watch
36:20 Caravan
36:19 Bodkin Arrow
36:40 Leather Archer Armor
35:49 Crossbowman
37:50 Heavy Plow
38:02 Bow Saw
38:11 Thumb Ring
37:28 Elite Skirmisher
38:49 Stone Mining
39:40 Gold Shaft Mining
45:10 Forging
45:06 Scale Barding Armor
45:50 Capped Ram
50:21 Imperial Age
49:44 Steppe Husbandry
50:45 Elite Steppe Lancer
53:32 Conscription
53:48 Hoardings
54:36 Chemistry
53:59 Ballistics
54:01 Bloodlines
53:51 Siege Ram
56:37 Crop Rotation
57:17 Two-Man Saw
57:36 Parthian Tactics
56:32 Heavy Cavalry Archer
MachTerran
6:15 Loom
14:56 Feudal Age
15:53 Horse Collar
16:05 Double-Bit Axe
20:07 Castle Age
21:50 Wheelbarrow
25:48 Bow Saw
25:45 Fletching
26:58 Caravan
32:10 Bodkin Arrow
32:44 Hand Cart
35:51 Imperial Age
33:39 Gold Mining
36:55 Ballistics
38:12 Chemistry
38:19 Husbandry
38:30 Bloodlines
37:49 Pikeman
41:44 Elite Battle Elephant
47:51 Stone Mining
48:37 Gold Shaft Mining
48:33 Elite Ballista Elephant
49:35 Conscription
52:40 Double Crossbow
52:43 Tusk Swords
53:44 Padded Archer Armor
53:44 Bracer
53:51 Scale Mail Armor
54:01 Forging
53:52 Bracer
vlelouch123
1:18 Loom
14:08 Feudal Age
14:49 Double-Bit Axe
15:14 Horse Collar
17:19 Wheelbarrow
21:45 Castle Age
22:55 Heavy Plow
25:41 Bow Saw
29:43 Stone Mining
29:45 Gold Mining
29:49 Fletching
29:59 Scale Mail Armor
30:10 Forging
30:40 Caravan
32:07 Ballistics
31:58 Masonry
37:09 Imperial Age
34:25 Town Watch
35:25 Chain Mail Armor
35:46 Iron Casting
35:07 Bodkin Arrow
35:13 Padded Archer Armor
36:29 Hul'che Javelineers
36:49 Eagle Warrior
37:30 Squires
37:16 Arson
37:09 Pikeman
38:26 Holcans
38:24 Conscription
39:35 Bracer
40:05 Plate Mail Armor
39:24 Elite Eagle Warrior
41:22 Elite Plumed Archer
50:42 Hoardings
51:15 Chemistry
50:46 Architecture
Woischlauch
3:04 Loom
13:26 Feudal Age
14:07 Horse Collar
14:12 Double-Bit Axe
21:17 Castle Age
19:20 Gold Mining
20:07 Stone Mining
21:33 Forging
22:02 Bloodlines
22:12 Scale Barding Armor
22:45 Heavy Plow
22:58 Bow Saw
22:58 Husbandry
29:40 Wheelbarrow
29:03 Town Watch
29:57 Murder Holes
32:44 Imperial Age
30:57 Ballistics
31:30 Fletching
33:07 Hand Cart
33:52 Iron Casting
33:30 Cavalier
35:52 Two-Man Saw
35:10 Caravan
36:38 Paladin
39:08 Hoardings
39:23 Conscription
39:05 Elite Skirmisher
40:10 Padded Archer Armor
40:32 Chain Barding Armor
44:31 Bodkin Arrow
45:37 Blast Furnace
47:47 Inquisition
51:15 Plate Barding Armor
50:56 Leather Archer Armor
53:33 Bracer
Connection lost

Rejoining the realm…

Still unreachable

The connection could not be restored.

Session expired

The server has moved on; the page needs a fresh start.